Map: Lightshade LE

Players

Solar

  • Race: Zerg Zerg
  • League: Master
  • Spawn Location: 11:00

ByuN - Winner!

  • Race: Terran Terran
  • League: Master
  • Spawn Location: 5:00

Event: Cheeseadelphia Winter Championship 2021

VOD

Have the link to the VOD?

Description

Time

  • Played on: Jan. 24, 2021, 5:28 p.m.
  • Length: 9:05

All games in this series

Show
View Real Time Build Order
Export as new Build Order

Solar Zerg 

Build Orders: Hatch First, Muta Ling Bane 

Get SALT Encoding   

  12  0:00  Drone  
  13  0:12  Overlord  
  13  0:17  Drone  
  14  0:30  Drone x2  
  16  0:47  Hatchery  
  15  0:51  Drone  
  15  0:54  Drone  
  17  0:58  Drone  
  18  1:08  Extractor  
  17  1:12  Spawning Pool  
  17  1:15  Drone  
  17  1:19  Drone  
  18  1:27  Drone  
  19  1:38  Drone  
  20  1:50  Drone  
  21  1:59  Queen x2  
  21  2:00  Zergling x4  
  27  2:11  Overlord  
  27  2:12  Drone  
  28  2:24  Hatchery  
  28  2:26  Drone  
  28  2:30  Drone  
  28  2:33  Spore Crawler  
  27  2:38  Queen  
  31  2:44  Drone, Metabolic Boost  
  31  2:47  Overlord  
  31  2:53  Drone x2  
  31  2:56  Drone  
  31  2:58  Drone  
  35  3:08  Drone x4  
  35  3:09  Drone  
  40  3:14  Queen  
  40  3:19  Overlord  
  42  3:21  Drone  
  42  3:26  Overlord  
  43  3:32  Overlord  
  43  3:37  Queen  
  43  3:40  Zergling x2, Drone x2  
  48  3:41  Zergling x2  
  48  3:42  Drone  
  48  3:47  Drone  
  48  3:48  Drone  
  52  3:49  Zergling x2  
  52  3:52  Drone x2  
  52  3:54  Queen  
  57  3:58  Drone  
  57  4:00  Drone x2  
  61  4:02  Drone  
  61  4:07  Lair  
  61  4:10  Overlord  
  61  4:11  Drone  
  61  4:13  Zergling x2  
  63  4:19  Zergling x2  
  63  4:22  Baneling Nest  
  63  4:24  Drone x5  
  63  4:27  Extractor x2  
  63  4:30  Drone  
  67  4:33  Overlord  
  67  4:35  Drone  
  67  4:37  Spore Crawler  
  67  4:39  Spore Crawler  
  67  4:41  Spore Crawler, Queen  
  67  4:42  Zergling x2  
  67  4:43  Zergling x2  
  69  4:45  Zergling x2  
  69  4:48  Zergling x4  
  69  4:50  Zergling x2  
  73  4:55  Zergling x2  
  73  4:56  Zergling x2, Overlord  
  73  4:58  Drone  
  73  4:59  Drone  
  75  5:01  Drone  
  75  5:04  Drone x3  
  75  5:06  Drone  
  77  5:07  Drone  
  77  5:09  Drone  
  77  5:11  Zergling x4  
  77  5:14  Zergling x2  
  76  5:18  Zergling x2  
  76  5:19  Zergling x2  
  76  5:21  Zergling x2  
  76  5:22  Overseer  
  73  5:30  Drone  
  73  5:33  Drone x2  
  73  5:34  Extractor  
  73  5:35  Extractor  
  72  5:37  Spire  
  72  5:41  Drone  
  72  5:42  Drone  
  73  5:44  Overlord  
  73  5:46  Extractor  
  72  5:50  Drone  
  72  5:51  Drone  
  72  5:52  Centrifical Hooks, Drone  
  75  6:03  Drone x4  
  79  6:06  Drone x4  
  83  6:13  Drone  
  83  6:15  Drone x4  
  88  6:19  Drone  
  88  6:20  Evolution Chamber x2  
  86  6:26  Drone x2  
  86  6:27  Hatchery  
  86  6:29  Overlord  
  86  6:32  Zergling x6  
  90  6:34  Zergling x8  
  90  6:38  Overlord  
  94  6:47  Overlord  
  93  6:49  Mutalisk x5  
  93  6:53  Zerg Ground Armor Level 1  
  103  6:54  Zerg Melee Weapons Level 1  
  103  6:56  Mutalisk  
  103  6:59  Mutalisk x2  
  109  7:04  Zergling x8  
  109  7:07  Baneling x4  
  109  7:08  Baneling  
  112  7:11  Zergling x4  
  112  7:13  Zergling x4  
  112  7:14  Zergling x4  
  118  7:15  Zergling x2  
  118  7:19  Baneling x4  
  118  7:21  Overlord  
  118  7:22  Zergling x2  
  120  7:27  Zergling x2  
  121  7:32  Baneling x3  
  121  7:33  Drone  
  121  7:36  Drone  
  123  7:37  Zergling x2  
  123  7:42  Mutalisk x3  
  123  7:43  Zergling x2  
  126  7:44  Zergling x8  
  126  7:45  Zergling x4, Queen  
  126  7:49  Zergling x4  
  126  7:50  Overlord  
  132  7:53  Drone  
  132  7:59  Baneling x4  
  132  8:00  Zergling x2  
  132  8:04  Zergling x2  
  132  8:10  Zergling x2  
  132  8:11  Zergling x6  
  126  8:14  Mutalisk x2  
  126  8:16  Zergling x14  
  126  8:17  Zergling x2  
  126  8:18  Zergling x6  
  134  8:20  Baneling  
  134  8:21  Baneling x5  
  134  8:24  Zergling x4  
  134  8:27  Mutalisk  
  134  8:28  Mutalisk  
  128  8:34  Zergling x2  
  128  8:35  Zergling x2  
  128  8:39  Mutalisk x3  
  128  8:41  Zergling x4  
  124  8:45  Zergling x2  
  124  8:48  Zergling x8  
Show
View Real Time Build Order
Export as new Build Order

ByuN Terran - Winner!

Build Orders: Reaper Expand, Hellion Banshee 

Get SALT Encoding   

  12  0:00  SCV  
  13  0:12  SCV  
  14  0:16  Supply Depot  
  14  0:24  SCV  
  15  0:38  Barracks, SCV  
  15  0:42  Refinery  
  16  0:50  SCV  
  17  1:02  SCV  
  18  1:14  SCV  
  19  1:25  Reaper  
  20  1:26  Orbital Command  
  20  1:38  Command Center  
  20  1:47  Supply Depot  
  20  1:52  SCV  
  21  1:57  Marine  
  22  2:03  Factory  
  22  2:08  SCV  
  23  2:12  Refinery  
  23  2:18  Barracks Reactor  
  23  2:20  SCV  
  24  2:32  SCV  
  25  2:44  SCV  
  25  2:49  Starport  
  26  2:52  Orbital Command  
  26  2:56  SCV  
  29  2:58  Hellion  
  29  2:59  Hellion  
  29  3:03  Barracks Tech Lab  
  31  3:08  SCV  
  32  3:14  Supply Depot  
  34  3:20  Hellion x2, SCV  
  37  3:29  Marine  
  37  3:34  Banshee, Cloaking Field  
  38  3:35  SCV  
  38  3:36  SCV  
  45  3:41  Hellion  
  45  3:44  Hellion  
  45  3:48  Supply Depot  
  47  3:49  SCV  
  47  3:50  SCV  
  49  4:01  SCV  
  53  4:02  SCV  
  53  4:03  Hellion  
  53  4:08  Armory  
  55  4:10  Hellion  
  55  4:16  SCV x2  
  55  4:17  Banshee  
  57  4:21  Supply Depot  
  60  4:28  SCV x2  
  60  4:30  Barracks Tech Lab  
  62  4:43  SCV x2  
  62  4:45  Command Center  
  64  4:48  Factory Reactor  
  64  4:55  SCV x2  
  64  4:57  Marine  
  64  4:59  Stimpack  
  67  5:04  Barracks  
  65  5:07  SCV x2  
  61  5:15  Marine  
  61  5:17  Engineering Bay  
  61  5:19  SCV x2  
  61  5:20  Engineering Bay  
  60  5:21  Starport Reactor  
  60  5:26  Barracks  
  60  5:31  SCV x2  
  60  5:33  Refinery, Marine  
  60  5:34  Refinery  
  58  5:43  SCV x2  
  58  5:44  Barracks  
  58  5:45  Barracks  
  58  5:46  Siege Tank  
  63  5:51  Terran Infantry Armor Level 1, Terran Infantry Weapons Level 1, Marine  
  63  5:55  Marine x2  
  66  5:59  SCV x2  
  70  6:04  Orbital Command  
  70  6:09  Marine  
  69  6:11  Supply Depot  
  69  6:13  Marine x2  
  69  6:14  Supply Depot, Medivac  
  69  6:15  Medivac  
  78  6:25  Siege Tank  
  78  6:26  Orbital Command, Marine x3  
  78  6:31  Marine x2  
  85  6:32  SCV x2  
  84  6:41  Barracks Reactor x2  
  84  6:44  SCV, Marine x3  
  84  6:45  SCV  
  87  6:48  Supply Depot  
  87  6:49  Marine x2  
  87  6:50  Supply Depot  
  87  6:53  SCV  
  90  6:57  SCV x2  
  90  6:58  Supply Depot x2  
  90  7:00  Combat Shield, Siege Tank  
  95  7:02  Marine x3  
  95  7:05  SCV  
  95  7:06  Marine  
  95  7:07  Marine  
  101  7:10  SCV x2  
  100  7:17  Marine  
  100  7:18  Marine x3  
  100  7:19  Medivac x2  
  100  7:20  Marine x2  
  110  7:24  SCV x3  
  112  7:32  Supply Depot, Missile Turret  
  112  7:36  SCV x3  
  114  7:40  Marine x9  
  123  7:46  Missile Turret  
  123  7:48  SCV x3  
  121  7:58  Marine x5  
  121  8:00  SCV x3  
  122  8:13  Marine x2  
  122  8:16  Medivac x2, Siege Tank  
  122  8:17  Marine x3  
  122  8:18  Marine x4  
  132  8:25  SCV  
  132  8:31  Marine x2  
  132  8:32  SCV  
  131  8:35  Marine x3  
  131  8:36  Factory, Refinery, Marine  
  131  8:41  Marine x3  
  123  8:47  SCV x2  
Tags
 
Add a new tag
Caveats
  • Supply blocks, unpowered buildings, or Contaminate may cause inaccurate times.
  • Supply counts are checked every 10 seconds.